 Dungeon Crawl Stone Soup version 0.19.4 (console) character file.

350 Kloppie the Skirmisher (level 6, -1/60 HPs)
             Began as a Minotaur Fighter on Feb 4, 2017.
             Slain by Grinder (8 damage)
             ... while paralysed by Grinder
             ... on level 3 of the Dungeon.
             The game lasted 00:02:53 (1952 turns).

Kloppie the Skirmisher (Minotaur Fighter)           Turns: 1952, Time: 00:02:53

Health: -1/60      AC: 11    Str: 27    XL:     6   Next: 34%
Magic:  5/5        EV:  2    Int:  5    God:
Gold:   169        SH:  0    Dex: 10    Spells: 0 memorised, 5 levels left

rFire  . . .     SeeInvis .     a - +0 war axe
rCold  . . .     Gourm    .     w - +0 chain mail
rNeg   . . .     Faith    .     c - +0 shield
rPois  .         Spirit   .     (helmet restricted)
rElec  .         Reflect  .     m - +0 cloak
rCorr  .         Harm     .     (no gloves)
MR     .....                    l - +0 pair of boots
Stlth  ..........               (no amulet)
                                (no ring)
                                (no ring)

@: paralysed, mighty
A: retaliatory headbutt, horns 2
a: no special abilities


You were on level 3 of the Dungeon.
You were not hungry.

You visited 1 branch of the dungeon, and saw 3 of its levels.

You collected 169 gold pieces.

Inventory:

Hand Weapons
 a - a +0 war axe (weapon)
Armour
 c - a +0 shield (worn)
 l - a +0 pair of boots (worn)
 m - a +0 cloak (worn)
 w - a +0 chain mail (worn)
Jewellery
 u - an uncursed ring of fire {unknown}
 x - an uncursed ring of protection from fire {unknown}
Scrolls
 g - a scroll of random uselessness {unknown}
 h - a scroll of amnesia {unknown}
 i - a scroll of fear {unknown}
 k - a scroll of enchant armour {unknown}
 o - a scroll of remove curse {unknown}
 p - 2 scrolls of teleportation {unknown}
 q - a scroll of magic mapping {unknown}
 v - 5 scrolls of identify {unknown}
 y - a scroll of blinking {unknown}
Potions
 b - a potion of brilliance {unknown}
 e - a potion of flight {unknown}
 r - 2 potions of ambrosia {unknown}
 s - a potion of agility {unknown}
 t - a potion of curing {unknown}
 z - a potion of degeneration {unknown}
 A - a potion of invisibility {unknown}
 B - a potion of magic {unknown}
Comestibles
 f - 3 bread rations
 j - 4 chunks of flesh
 n - a beef jerky


   Skills:
 * Level 7.2 Fighting
 + Level 5.2 Axes
 - Level 3.6 Armour
 - Level 3.6 Shields


You had 5 spell levels left.
You didn't know any spells.

Dungeon Overview and Level Annotations

Branches:
Dungeon (3/15)

Altars:
Ashenzari
Cheibriados
Trog

Annotations:
D:3 1 runed door, Grinder


Innate Abilities, Weirdness & Mutations

You reflexively headbutt those who attack you in melee.
You have a pair of horns on your head.


Message History

* * * LOW HITPOINT WARNING * * *
You can move again.
Unknown command.
You feel very mighty all of a sudden. Grinder hits you.
* * * LOW HITPOINT WARNING * * *
Your shield and chain mail prevent you from hitting Grinder.
Grinder hits you.
* * * LOW HITPOINT WARNING * * *
You writhe in agony.
* * * LOW HITPOINT WARNING * * *
You hit Grinder but do no damage. Grinder hits you.
* * * LOW HITPOINT WARNING * * *
You writhe in agony.
* * * LOW HITPOINT WARNING * * *
Grinder gestures at you.
You suddenly lose the ability to move!
Grinder hits you but does no damage. Grinder hits you!
You die...

..##.....[...............
..#
..........#..............
.........................
..........(..............
.........................
...................<....
.######.................
.# ##..###....5.[......
.####[.## #.....@)......
......## ##.....)......
....### #######......
....# ...... ....# .....
....# ##### #####


You could see Grinder.

Vanquished Creatures
  The ghost of SirSavien the Ruffian, an amateur TrMo (D:3)
  An orc priest (D:3)
  Terence (D:3)
  6 adders
  An ooze (D:1)
  3 dart slugs (D:2)
  2 leopard geckos
  2 orcs (D:3)
  8 bats
  7 giant cockroaches
  8 goblins
  6 hobgoblins
  7 jackals (D:1)
  8 kobolds
  A ball python (D:2)
  4 frilled lizards
  6 rats
72 creatures vanquished.

Notes
Turn   | Place    | Note
-------+----------+-------------------------------------------
     0 | D:1      | Kloppie the Minotaur Fighter began the quest for the Orb.
     0 | D:1      | Reached XP level 1. HP: 19/19 MP: 0/0
    96 | D:1      | Reached skill level 4 in Fighting
   100 | D:1      | Reached XP level 2. HP: 24/27 MP: 1/1
   285 | D:1      | Reached XP level 3. HP: 34/34 MP: 2/2
   463 | D:1      | Reached skill level 5 in Fighting
   723 | D:2      | Found a shattered altar of Ashenzari.
   723 | D:2      | Found a bloodstained altar of Trog.
  1018 | D:2      | You fall through a shaft!
  1018 | D:3      | Found a snail-covered altar of Cheibriados.
  1021 | D:3      | Noticed Terence
  1029 | D:3      | Killed Terence
  1029 | D:3      | Reached XP level 4. HP: 42/42 MP: 3/3
  1623 | D:3      | Noticed SirSavien's ghost (amateur TrMo)
  1629 | D:3      | Killed SirSavien's ghost
  1629 | D:3      | Reached skill level 7 in Fighting
  1629 | D:3      | Reached XP level 5. HP: 31/52 MP: 4/4
  1629 | D:3      | Reached XP level 6. HP: 36/60 MP: 5/5
  1716 | D:3      | Found a runed door.
  1799 | D:3      | Reached skill level 5 in Axes
  1933 | D:3      | Noticed Grinder
  1941 | D:3      | Paralysed by Grinder for 7 turns
  1950 | D:3      | Paralysed by Grinder for 7 turns
  1952 | D:3      | Slain by Grinder

Skill      XL: |  1  2  3  4  5  6 |
---------------+-------------------+-----
Fighting       | 4 5 7 |  7.2
Axes           | 3 4 5 |  5.2
Armour         | |  3.6
Shields        | |  3.6

Action                   |  1- 3 |  4- 6 || total
-------------------------+-------+-------++-------
Melee: War axe           |    99 |    79 ||   178
       Headbutt          |    14 |     9 ||    23
  Use: Potion            |       |     2 ||     2
  Eat: Chunk             |     1 |     3 ||     4
Armor: Scale mail        |    40 |       ||    40
       Chain mail        |       |    45 ||    45
Dodge: Dodged            |    25 |    18 ||    43
Block: Shield            |    48 |    34 ||    82
